 Dungeon Crawl Stone Soup version 0.31.0-12-g77e489cdc1 (webtiles) character file.

Game seed: 14251088919057461073

6202 Heoruswealwe the Thaumaturge (level 10, -14/50 HPs)
             Began as a Deep Elf Conjurer on Feb 14, 2024.
             Was an Elder of Vehumet.
             Demolished by a boulder beetle (39 damage)
             ... on level 8 of the Dungeon.
             The game lasted 01:17:24 (8011 turns).

Heoruswealwe the Thaumaturge (Deep Elf Conjurer)    Turns: 8011, Time: 01:17:24

Health: -14/50     AC:  8    Str:  4    XL:     10   Next: 61%
Magic:  4/30       EV: 27    Int: 28    God:    Vehumet [****..]
Gold:   91         SH:  0    Dex: 13    Spells: 27/38 levels left

rFire   + . .        a - +9 demon trident of the Vine {flame, Fly}
rCold   . . .        (no shield)
rNeg    . . .        c - +2 animal skin
rPois   .            g - +0 helmet
rElec   .            h - +0 cloak
rCorr   .            f - +0 pair of gloves
SInv    .            e - +0 pair of boots
Will    +....        i - amulet of the acrobat
Stlth   ++           k - ring of protection from fire
HPRegen 0.28/turn    (no ring)
MPRegen 0.22/turn

%: acrobat
@: acrobatic, flying
A: no striking features
a: Renounce Religion


You were on level 8 of the Dungeon.
You worshipped Vehumet.
Vehumet was greatly pleased with you.
You visited 2 branches of the dungeon, and saw 8 of its levels.

You collected 535 gold pieces.
You spent 444 gold pieces at shops.

Inventory:

Hand Weapons
 a - the +9 demon trident of the Vine (weapon) {flame, Fly}
   (You acquired it on level 3 of the Dungeon)

   Fly:       It grants you flight.
 b - a +2 heavy battleaxe
Armour
 c - a +2 animal skin (worn)
 e - a +0 pair of boots (worn)
 f - a +0 pair of gloves (worn)
 g - a +0 helmet (worn)
 h - a +0 cloak (worn)
Jewellery
 i - an amulet of the acrobat (around neck)
 k - a ring of protection from fire (left hand)
Wands
 n - a wand of polymorph (15)
 v - a wand of iceblast (9)
 x - a wand of charming (4)
 y - a wand of flame (14)
Scrolls
 l - 3 scrolls of teleportation {unknown}
 o - a scroll of silence {unknown}
 q - a scroll of torment {unknown}
 u - a scroll of enchant weapon {unknown}
Potions
 d - a potion of heal wounds
 m - a potion of brilliance {unknown}
 p - 3 potions of enlightenment
 r - 4 potions of curing
 s - a potion of resistance
 t - 3 potions of mutation
 w - a potion of lignification
 z - a potion of attraction {unknown}
 A - a potion of berserk rage {unknown}


   Skills:
 - Level 2.4 Dodging
 - Level 2.4 Stealth
 + Level 14.9 Spellcasting
 + Level 13.1 Conjurations


You had 27 spell levels left.
You knew the following spells:

 Your Spells              Type           Power      Damage    Failure   Level
a - Magic Dart            Conj           100%       1d8       0%          1
b - Searing Ray           Conj           100%       2d8       0%          2
c - Fulminant Prism       Conj/Alch      27%        3d14      1%          4
d - Iskenderun's Mystic   Conj/Tloc      55%        2d12      1%          4

Your spell library contained the following spells:

 Spells                   Type           Power      Damage    Failure   Level
 Airstrike                Air            10%        2d(2-18)  7%          4


Dungeon Overview and Level Annotations

Branches:
Dungeon (6/15)             Temple (1/1) D:4

Altars:
Ashenzari
Cheibriados
Dithmenos
Elyvilon
Fedhas
Gozag
Hepliaklqana
Kikubaaqudgha
Makhleb
Nemelex Xobeh
Okawaru
Qazlal
Ru
Trog
Uskayaw
Vehumet
Wu Jian
Xom
Yredelemnul
Zin


Message History

You feel much better. The slime creature closely misses you.
Casting: Searing Ray (safe; 0% risk of failure)
Confirm with . or Enter, or press ? or * to list all spells.
You erupt in a blast of force!
The mystic blast hits the boulder beetle but does no damage.
The boulder beetle is lightly wounded.
The mystic blast hits the slime creature!
The slime creature is almost dead.
The slime creature is knocked back by the mystic blast.
The boulder beetle barely misses you.
Casting: Iskenderun's Mystic Blast (safe; 1% risk of failure)
Confirm with . or Enter, or press ? or * to list all spells.
You erupt in a blast of force!
The mystic blast hits the slime creature!!
You kill the slime creature!
Vehumet accepts your kill.
You feel your power returning.
The mystic blast hits the boulder beetle.
The boulder beetle is lightly wounded.
The boulder beetle is knocked back by the mystic blast.
The boulder beetle leaps!
You see here 18 gold pieces.
You now have 91 gold pieces (gained 18).
The boulder beetle curls into a ball and begins rolling!
You see here a +0 arbalest of electrocution.
Casting: Iskenderun's Mystic Blast (safe; 1% risk of failure)
Confirm with . or Enter, or press ? or * to list all spells.
You erupt in a blast of force!
The mystic blast hits the boulder beetle.
The boulder beetle is lightly wounded.
The boulder beetle is knocked back by the mystic blast.
Casting: Iskenderun's Mystic Blast (safe; 1% risk of failure)
Confirm with . or Enter, or press ? or * to list all spells.
You erupt in a blast of force!
The mystic blast hits the boulder beetle.
The boulder beetle is lightly wounded.
The boulder beetle is knocked back by the mystic blast.
The boulder beetle hits you!!!
Ouch! That really hurt!
You die...

...........).......##
#.................##
##.............[.##.##
#.....................####..#
#....#....#.........#.# ##.##
..........#......°..#.# #..#
..##......#......○..#.##
##.##
..##......#.....B...#..# #..#
......... #.....@..)#..#
##.##
#....######....######..# #..#
.......................#
#..##
####...#####...........##
##..# # ##..#
####.........### #... ## #..#
###.........#####.. .# ##.#
###..........##.. .## #.#
###............ ..# #)##
##...........


You could see a boulder beetle (rolling).

Vanquished Creatures
  A hydra (D:8)
  A two-headed ogre (D:8)
  Pikel (D:4)
  A deep elf pyromancer (D:8)
  A cane toad (shapeshifter) (D:8)
  Jeremiah (D:6)
  A hornet (D:8)
  Grinder (D:6)
  A slime creature (D:8)
  A wraith (D:8)
  Sigmund (D:2)
  A shadow (D:8)
  A water moccasin (D:6)
  A sky beast (D:6)
  An ice beast (D:8)
  A black bear (D:4)
  3 kobold brigands
  2 lemures (D:4)
  Blork the orc (D:6)
  A bullfrog (D:8)
  3 scorpions
  5 wights (D:8)
  5 electric eels (D:6)
  A vampire bat (D:8)
  A howler monkey (D:8)
  3 jellies
  2 gnoll boudas (D:4)
  7 hounds
  2 bombardier beetles
  Crazy Yiuf (D:3)
  Ijyb (D:4)
  A sleepcap (D:8)
  Jessica (D:3)
  3 iguanas
  An orc wizard (D:5)
  Terence (D:2)
  Robin (D:2)
  7 adders
  30 gnolls
  A shadow imp (D:8)
  2 ufetubi (D:6)
  3 dart slugs
  29 orcs
  9 ball pythons
  2 bat skeletons (D:8)
  3 bat zombies (D:8)
  3 endoplasms
  2 giant cockroaches
  13 goblins
  13 hobgoblins
  12 jackals
  58 kobolds
  2 quokkas
  A bat (D:1)
  A frilled lizard (D:1)
  3 rats (D:1)
256 creatures vanquished.

Vanquished Creatures (others)
  11 fulminant prisms
11 creatures vanquished.

Grand Total: 267 creatures vanquished

Notes
Turn   | Place    | Note
-------+----------+-------------------------------------------
     0 | D:1      | Heoruswealwe the Deep Elf Conjurer began the quest for the
                  | Orb.
     0 | D:1      | Reached XP level 1. HP: 10/10 MP: 6/6
    57 | D:1      | Found a faded altar of an unknown god.
   157 | D:1      | Reached XP level 2. HP: 15/15 MP: 3/8
   160 | D:1      | Learned a level 2 spell: Searing Ray
   687 | D:2      | Reached skill level 4 in Spellcasting
   782 | D:2      | Noticed Terence
   794 | D:2      | Killed Terence
   795 | D:2      | Reached skill level 5 in Conjurations
   795 | D:2      | Reached XP level 3. HP: 13/19 MP: 0/10
   895 | D:2      | Noticed Robin
   945 | D:2      | Killed Robin
   946 | D:2      | Reached XP level 4. HP: 6/24 MP: 9/12
  1105 | D:2      | Noticed Sigmund
  1111 | D:2      | Killed Sigmund
  1112 | D:2      | Reached skill level 6 in Spellcasting
  1112 | D:2      | Reached XP level 5. HP: 18/28 MP: 7/15
  1117 | D:2      | Learned a level 4 spell: Fulminant Prism
  1122 | D:2      | Learned a level 4 spell: Iskenderun's Mystic Blast
  1417 | D:3      | Identified a scroll of acquirement
  1426 | D:3      | Acquired the +9 demon trident of the Vine {flame, Fly}
  1470 | D:3      | Reached XP level 6. HP: 32/32 MP: 6/17
  1843 | D:3      | Noticed Jessica
  1848 | D:3      | Killed Jessica
  2007 | D:3      | Found a runed translucent door.
  2008 | D:3      | Noticed Crazy Yiuf
  2015 | D:3      | Killed Crazy Yiuf
  2158 | D:4      | Found a shimmering altar of Xom.
  2255 | D:4      | Reached skill level 7 in Spellcasting
  2284 | D:4      | Found a staircase to the Ecumenical Temple.
  2306 | D:4      | Noticed Ijyb
  2312 | Temple   | Found a transporter.
  2312 | Temple   | Found a transporter.
  2312 | Temple   | Found a transporter.
  2312 | Temple   | Found a transporter.
  2312 | Temple   | Entered the Ecumenical Temple
  2333 | Temple   | Became a worshipper of Vehumet
  2366 | D:4      | Killed Ijyb
  2549 | D:4      | Reached XP level 7. HP: 36/36 MP: 9/19
  2798 | D:4      | Reached skill level 8 in Spellcasting
  3012 | D:4      | Reached * piety under Vehumet
  3012 | D:4      | Offered knowledge of Sandblast by Vehumet.
  3359 | D:4      | Reached skill level 9 in Spellcasting
  3595 | D:4      | Offered knowledge of Freeze by Vehumet.
  3653 | D:4      | Reached ** piety under Vehumet
  3761 | D:4      | Reached XP level 8. HP: 41/41 MP: 15/23
  3781 | D:4      | Found a basalt altar of Yredelemnul.
  3803 | D:4      | Noticed Pikel
  3812 | D:4      | Killed Pikel
  3813 | D:4      | Reached skill level 10 in Spellcasting
  5164 | D:5      | Entered Level 5 of the Dungeon
  5276 | D:5      | Found Hoqos's Distillery.
  5290 | D:5      | Bought a potion of curing for 36 gold pieces
  5290 | D:5      | Bought a potion of resistance for 120 gold pieces
  5290 | D:5      | Bought a potion of mutation for 96 gold pieces
  5290 | D:5      | Bought a potion of ambrosia for 96 gold pieces
  5650 | D:5      | Bought a potion of curing for 36 gold pieces
  5899 | D:6      | Reached skill level 11 in Spellcasting
  5899 | D:6      | Reached skill level 10 in Conjurations
  6020 | D:6      | Reached XP level 9. HP: 32/45 MP: 20/26
  6361 | D:6      | HP: 2/45 [electric eel/bolt of electricity (9)]
  6780 | D:6      | Offered knowledge of Inner Flame by Vehumet.
  6783 | D:6      | Noticed Grinder
  6787 | D:6      | Reached *** piety under Vehumet
  6794 | D:6      | Killed Grinder
  6795 | D:6      | Reached skill level 12 in Spellcasting
  6880 | D:6      | Noticed Jeremiah
  6887 | D:6      | Killed Jeremiah
  6992 | D:6      | Offered knowledge of Volatile Blastmotes by Vehumet.
  7285 | D:6      | Noticed Blork the orc
  7291 | D:6      | Killed Blork the orc
  7479 | D:5      | Bought a potion of heal wounds for 60 gold pieces
  7536 | D:5      | You are sucked into a shaft and drop 3 floors!
  7539 | D:8      | Noticed a four-headed hydra
  7540 | D:8      | Noticed a deep elf pyromancer
  7545 | D:8      | Killed a deep elf pyromancer
  7546 | D:8      | Reached skill level 13 in Spellcasting
  7552 | D:8      | Noticed a black mamba
  7556 | D:8      | Killed a four-headed hydra
  7557 | D:8      | Reached XP level 10. HP: 17/50 MP: 16/29
  7557 | D:8      | a black mamba changed into a cane toad
  7557 | D:8      | Noticed a cane toad (shapeshifter)
  7564 | D:8      | Killed a cane toad
  7576 | D:8      | Reached skill level 14 in Spellcasting
  7607 | D:8      | Noticed a manticore
  7665 | D:8      | Reached **** piety under Vehumet
  7668 | D:8      | Found an ancient bone altar of Kikubaaqudgha.
  7829 | D:8      | Noticed a two-headed ogre
  7860 | D:8      | Killed a two-headed ogre
  7860 | D:8      | Offered knowledge of Airstrike by Vehumet.
  7989 | D:8      | Noticed a boulder beetle
  7996 | D:8      | HP: 2/50 [slime creature (18)]
  8011 | D:8      | Demolished by a boulder beetle

Illustrated notes

Levels and vault maps discovered:
D:1:      wheals_arrival_shading, layout_rooms,
          hellmonk_ecumenical_altar_run_dry, minmay_parallelograms,
          minmay_hedge_maze, ebering_dispersal_statue_hall
D:2:      layout_basic, uniq_sigmund, uniq_terence, uniq_robin
D:3:      wander_river, layout_basic, minmay_distorted, uniq_crazy_yiuf_cottage,
          uniq_jessica
D:4:      lemuel_castle_with_subvaults [lemuel_castle_interior_original],
          layout_cave_pods, mainiacjoe_overflow_alcove_2, xom_teletrap_fun,
          minmay_temple_entry_waves, uniq_pikel, uniq_ijyb
D:5:      layout_loops_ring, serial_shops, nicolae_shop_statue_plus,
          minmay_misc_feat_cross, minmay_statues_item
D:6:      minmay_goblin_kobold_castle, layout_gridville, uniq_jeremiah,
          uniq_grinder, uniq_blork_the_orc
D:8:      minmay_cut_squares, layout_cave_pods, kennysheep_vampire_church,
          uniq_psyche
Temple:   hellmonk_temple_divided_pantheon

Skill      XL: |  1  2  3  4  5  6  7  8  9 10 |
---------------+-------------------------------+-----
Spellcasting   | 4 6 7 9 11 13 14 | 14.9
Conjurations   | 5 6 7 8 10 12 13 | 13.1
Dodging        | |  2.4
Stealth        | |  2.4

Action                     |  1- 3 |  4- 6 |  7- 9 | 10-12 || total
---------------------------+-------+-------+-------+-------++-------
  Melee: Unarmed           |     2 |       |       |       ||     2
         Demon trident     |       |    15 |    14 |     9 ||    38
         Punch             |       |     1 |       |       ||     1
         Battleaxe         |       |       |   576 |       ||   576
   Cast: Magic Dart        |    54 |    59 |   255 |    20 ||   388
         Searing Ray       |     4 |    10 |    24 |     1 ||    39
         Fulminant Prism   |       |       |    11 |       ||    11
         Iskenderun's Myst |       |       |    19 |    24 ||    43
    Use: Potion            |     1 |       |     1 |     4 ||     6
         Scroll            |       |     7 |       |       ||     7
 Armour: Robe              |    12 |       |       |       ||    12
         Animal skin       |       |    10 |    58 |    24 ||    92
  Dodge: Dodged            |    17 |     6 |    48 |    25 ||    96
